 Dungeon Crawl Stone Soup version 0.24-a0-282-g1a68c91 (webtiles) character file.

Game seed: 2480586537544884388

36327 emperorscorpion the Cleaver (level 13, 0/113 HPs)
             Began as a Pale Draconian Berserker on May 2, 2019.
             Was a High Priest of Trog.
             Slain by a slime creature (12 damage)
             ... on level 13 of the Dungeon on May 3, 2019.
             The game lasted 00:39:34 (16993 turns).

emperorscorpion the Cleaver (DrBe)                 Turns: 16993, Time: 00:39:34

Health: 0/113      AC: 15    Str: 22    XL:     13   Next: 52%
Magic:  20/20      EV: 16    Int:  8    God:    Trog [*****.]
Gold:   887        SH:  0    Dex: 13    Spells: 12/12 levels left

rFire    + + .     SeeInvis +   a - +6 war axe "Vutuom" {chaos, *Slow +Inv rN+ MR+ SInv}
rCold    + + .     Gourm    .   (no shield)
rNeg     + . .     Faith    .   (armour unavailable)
rPois    .         Spirit   .   (helmet restricted)
rElec    +         Reflect  .   d - +0 cloak
rCorr    .         Harm     .   U - +2 pair of gloves {archery}
MR       +....                  C - +2 pair of boots
Stlth    +++++.....             (no amulet)
HPRegen  0.28/turn              t - ring of stealth
MPRegen  0.17/turn              I - ring "Godwalau" {rF+ rC++ Str-5 Int+2 Dex+3}

@: berserk cooldown, starving, slowed, very slow
A: breathe steam, unfitting armour, blurry vision 1, dopey 1, fire resistance 1,
electricity resistance, strong 1, wild magic 1, cold-blooded, AC +8
a: Breathe Steam, Berserk, Trog's Hand, Brothers in Arms, Renounce Religion,
Evoke Invisibility


You were on level 13 of the Dungeon.
You worshipped Trog.
Trog was extremely pleased with you.
You were starving.

You visited 1 branch of the dungeon, and saw 13 of its levels.
You also visited: Trove and Bailey.

You collected 887 gold pieces.

Inventory:

Hand Weapons
 a - the +6 war axe "Vutuom" (weapon) {chaos, *Slow +Inv rN+ MR+ SInv}
   (You found it on level 6 of the Dungeon)

   Each time it hits an enemy it has a different, random effect.
   It protects you from negative energy.
   It affects your resistance to hostile enchantments.
   It lets you see invisible.
   It lets you turn invisible.
   It may slow you when you take damage.
 b - a +2 shortbow of flaming
 k - the +10 executioner's axe of Vexinac {chop, MR+ MP+9 SInv}
   (You found it in a treasure trove)

   It inflicts extra damage upon your enemies.
   It affects your resistance to hostile enchantments.
   It affects your magic capacity (+9).
   It lets you see invisible.
 H - a +2 battleaxe of flaming
 L - a +5 dire flail
Missiles
 D - 6 throwing nets (quivered)
 M - 410 arrows
Armour
 d - a +0 cloak (worn)
 C - a +2 pair of boots (worn)
 U - a +2 pair of gloves of archery (worn)
Jewellery
 s - an uncursed amulet of rage
 t - a ring of stealth (left hand)
 G - an uncursed ring of protection from fire
 I - the ring "Godwalau" (right hand) {rF+ rC++ Str-5 Int+2 Dex+3}
   (You found it on level 7 of the Dungeon)

   [ring of dexterity]

   It affects your strength (-5).
   It affects your intelligence (+2).
   It affects your dexterity (+3).
   It protects you from fire.
   It greatly protects you from cold.
 R - a +5 ring of strength
 Y - a cursed -3 ring of intelligence {unknown}
Wands
 m - a wand of scattershot (1)
 o - a wand of digging (10)
 A - a wand of paralysis (6)
 E - a wand of polymorph (5)
 O - a wand of flame (23)
 V - a wand of random effects (42)
Scrolls
 h - 6 scrolls of remove curse
 l - 8 scrolls of teleportation
 n - 3 scrolls of fog
 x - a scroll of blinking
 N - a scroll of magic mapping
 T - a scroll of fear
 X - 2 scrolls of identify
Potions
 c - 2 potions of mutation
 e - 2 potions of brilliance
 i - 4 potions of flight
 j - 2 potions of lignification
 p - 4 potions of curing
 r - a potion of agility {unknown}
 u - 2 potions of berserk rage {unknown}
 v - 3 potions of magic {unknown}
 w - 2 potions of might {unknown}
 z - a potion of cancellation {unknown}
 Q - a potion of haste
 W - a potion of invisibility {unknown}
Miscellaneous
 J - a lightning rod (4/4)
 K - a fan of gales
 S - a phantom mirror
 Z - a lamp of fire (inert)
Comestibles
 q - 22 rations


   Skills:
 + Level 10.1 Fighting
 + Level 11.9(12.7) Axes
 - Level 8.0(11.0) Maces & Flails
 + Level 6.1 Bows
 + Level 8.0 Dodging
 + Level 9.3 Stealth
 * Level 10.5 Evocations


You had 12 spell levels left.
You didn't know any spells.
Your spell library contained the following spells:

 Spells                   Type           Power        Failure   Level  Hunger
 Beastly Appendage        Tmut           #.....       50%         1    ##.....
 Confusing Touch          Hex            #.....       50%         1    ##.....
 Freeze                   Ice            #...         50%         1    ##.....
 Sticks to Snakes         Tmut           #.......     63%         2    ###....
 Throw Frost              Conj/Ice       #.....       63%         2    ###....
 Confuse                  Hex            #.......     85%         3    ####...
 Gell's Gravitas          Tloc           #.........   85%         3    ####...
 Ozocubu's Armour         Chrm/Ice       #.......     85%         3    ####...
 Spider Form              Tmut/Pois      #.........   85%         3    ####...
 Ice Form                 Ice/Tmut       #.......     99%         4    #####..
 Petrify                  Tmut/Erth      #.......     99%         4    #####..
 Summon Ice Beast         Ice/Summ       #.......     99%         4    #####..
 Throw Icicle             Conj/Ice       #.......     99%         4    #####..
 Blade Hands              Tmut           #.........   100%        5    ######.
 Metabolic Englaciation   Hex/Ice        #.........   100%        5    ######.
 Yara's Violent Unravell  Hex/Tmut       #.........   100%        5    ######.


Dungeon Overview and Level Annotations

Branches:
Dungeon (13/15)            Temple (0/1) D:6            Lair (0/6) D:10
    Orc (0/2) D:11         Vaults (0/5) D:13

Altars:
Ashenzari
Gozag
Kikubaaqudgha
Sif Muna
Vehumet
Zin

Shops:
D:8 %

Annotations:
D:7 2 runed translucent doors


Innate Abilities, Weirdness & Mutations

You can breathe blasts of scalding, opaque steam.
Your pale cyan-grey scales are hard. (AC +8)
You cannot fit into any form of body armour.
You are cold-blooded and may be slowed by cold attacks.
Scrolls take you a little longer to read.
You are dopey. (Int -2)
Your flesh is heat resistant. (rF+)
You are resistant to electric shocks. (rElec)
Your muscles are strong. (Str +2)
Your spells are a little harder to cast, but a little more powerful.


Message History

You strike the helpless slime creature from behind!
You slash the slime creature!
You feel better.
You tail-slap the slime creature, but do no damage.
The slime creature is severely wounded.
You slash the slime creature! The slime creature barely misses you.
The slime creature hits you but does no damage.
You feel much better.
The slime creature stops moving altogether!
The slime creature closely misses you. The slime creature hits you!
* * * LOW HITPOINT WARNING * * *
Unknown command.
You hit the slime creature.
The slime creature goes berserk!
You tail-slap the slime creature, but do no damage.
The slime creature is almost dead.
The helpless slime creature fails to defend itself.
You slash the slime creature!
Nothing appears to happen.
The slime creature seems less confused.
The slime creature hits you!
* * * LOW HITPOINT WARNING * * *
The slime creature hits you!
You die...

# # ###### # #....# #
#....# # #....# #
####### #....#########
#....J####.............
#....J@(......#########
#....)###.....# #.(((.#
#.....# ###
......(....###....# #..
.#########.# #....# #..
.# #....#### #.. ..
........# #..
.#########.####.. .#
#........


You could see 2 slime creatures.

Vanquished Creatures
  Josephine (D:12)
  Erolcha (D:9)
  Fannar (D:12)
  4 hydras
  3 vault guards (D:13)
  Harold (D:7)
  2 centaur warriors
  3 two-headed ogres
  3 death yaks (D:10)
  Nergalle (D:11)
  The ghost of Ratty the Merchant of Misery, a novice DsNe of Kikubaaqudgha (D:10)
  An unseen horror (D:7)
  3 orc knights (Bailey)
  2 cyclopes (D:13)
  A manticore (D:12)
  Maurice (D:13)
  2 ugly things (D:13)
  A centaur zombie (D:13)
  3 gargoyles
  4 trolls
  A tyrant leech (shapeshifter) (D:9)
  10 slime creatures
  A hornet (D:9)
  5 hippogriffs
  23 yaks
  7 wraiths
  A wyvern (D:9)
  3 vampire mosquitoes (D:13)
  2 water moccasins (D:12)
  2 ice beasts
  A black bear (D:8)
  8 orc warriors
  3 sky beasts
  A phantom (D:12)
  4 necrophages
  8 ogres
  17 centaurs
  A crocodile (D:8)
  7 bullfrogs
  A wyvern zombie (D:12)
  A gnoll sergeant (D:8)
  A water moccasin zombie (D:7)
  5 scorpions
  6 jellies
  5 killer bees
  15 wights
  3 electric eels (D:10)
  5 howler monkeys
  5 crimson imps
  4 quasits
  8 hounds
  A bullfrog zombie (D:13)
  3 centaur skeletons
  6 orc priests
  2 bullfrog skeletons (D:7)
  19 orc wizards
  Ijyb (D:5)
  3 iguanas
  A statue (D:6)
  11 worker ants
  A killer bee zombie (D:5)
  3 hound zombies
  A howler monkey zombie (D:9)
  A worker ant zombie (D:10)
  2 howler monkey skeletons
  7 gnolls
  16 adders
  3 shadow imps
  An ooze (D:2)
  3 adder skeletons
  An adder zombie (D:10)
  3 worms
  2 dart slugs
  9 leopard geckos
  74 orcs
  4 giant cockroaches
  13 goblins
  10 hobgoblins
  15 jackals
  6 kobolds
  9 quokkas
  2 ball pythons
  8 bats
  5 frilled lizards
  2 leopard gecko skeletons
  A quokka skeleton (D:9)
  6 rats
458 creatures vanquished.

Vanquished Creatures (others)
  An ugly thing (D:7)
  2 wraiths (D:12)
  An orc warrior (D:12)
  2 centaurs (D:12)
  A quasit (D:7)
  An adder skeleton (D:7)
  2 orcs
10 creatures vanquished.

Grand Total: 468 creatures vanquished

Notes
Turn   | Place    | Note
-------+----------+-------------------------------------------
     0 | D:1      | emperorscorpion the Draconian Berserker began the quest for
                  | the Orb.
     0 | D:1      | Reached XP level 1. HP: 19/19 MP: 1/1
    48 | D:1      | Reached XP level 2. HP: 20/26 MP: 2/2
   933 | D:1      | Reached XP level 3. HP: 21/33 MP: 3/3
  1382 | D:2      | Reached ** piety under Trog
  2013 | D:2      | Reached XP level 4. HP: 37/40 MP: 4/4
  2209 | D:3      | Reached skill level 1 in Stealth
  2566 | D:3      | Reached XP level 5. HP: 44/46 MP: 5/5
  2904 | D:3      | Found a deep blue altar of Sif Muna.
  3030 | D:3      | Reached *** piety under Trog
  3046 | D:3      | Identified Sif Muna's Disquisition on Enchantment
  3278 | D:4      | Reached skill level 5 in Maces & Flails
  3368 | D:4      | Noticed an ogre
  3375 | D:4      | Killed an ogre
  3375 | D:4      | Reached XP level 6. HP: 52/52 MP: 6/6
  3771 | D:4      | Your scales start taking on a pale cyan-grey colour.
  3771 | D:4      | Reached XP level 7. HP: 60/60 MP: 7/7
  4040 | D:4      | Found an opulent altar of Gozag.
  4282 | D:5      | Entered Level 5 of the Dungeon
  4635 | D:5      | Reached **** piety under Trog
  4825 | D:5      | Noticed Ijyb
  4864 | D:5      | Killed Ijyb
  5599 | D:5      | Reached skill level 5 in Fighting
  5599 | D:5      | Reached XP level 8. HP: 68/68 MP: 8/8
  5857 | D:5      | Found an ancient bone altar of Kikubaaqudgha.
  6154 | D:6      | Found a staircase to the Ecumenical Temple.
  6172 | D:6      | Reached skill level 5 in Dodging
  6509 | D:6      | Found a radiant altar of Vehumet.
  6565 | D:6      | Got a twisted war axe
  6566 | D:6      | Identified the +6 war axe "Vutuom" {chaos, *Slow +Inv rN+
                  | MR+ SInv} (You found it on level 6 of the Dungeon)
  6656 | D:6      | Reached skill level 1 in Evocations
  6786 | D:6      | Found a glowing silver altar of Zin.
  6793 | D:6      | Reached skill level 1 in Axes
  6914 | D:7      | Noticed Harold
  6938 | D:7      | Killed Harold
  6938 | D:7      | Reached ***** piety under Trog
  6938 | D:7      | Reached skill level 2 in Axes
  6938 | D:7      | Reached XP level 9. HP: 50/78 MP: 8/11
  7159 | D:7      | Reached skill level 3 in Axes
  7268 | D:7      | Found a runed translucent door.
  7270 | D:7      | Noticed an unseen horror
  7271 | D:7      | Found a runed translucent door.
  7271 | D:7      | Found a runed translucent door.
  7497 | D:7      | Reached skill level 4 in Axes
  7569 | D:7      | Noticed a white ugly thing
  7570 | D:7      | Noticed a two-headed ogre
  7570 | D:7      | Noticed a gargoyle
  7579 | D:7      | Killed a gargoyle
  7579 | D:7      | Reached skill level 5 in Stealth
  7589 | D:7      | Killed a brown ugly thing
  7589 | D:7      | Reached skill level 5 in Axes
  7597 | D:7      | Killed a two-headed ogre
  7597 | D:7      | Reached skill level 5 in Evocations
  7597 | D:7      | Reached XP level 10. HP: 47/85 MP: 13/13
  7601 | D:7      | Got an ancient bronze ring
  7607 | D:7      | Identified the ring "Godwalau" {rF+ rC++ Str-5 Int+2 Dex+3}
                  | (You found it on level 7 of the Dungeon)
  7614 | D:7      | Gained mutation: You are resistant to electric shocks.
                  | (rElec) [potion of mutation]
  7614 | D:7      | Gained mutation: Your flesh is heat resistant. (rF+)
                  | [potion of mutation]
  7614 | D:7      | Gained mutation: Your muscles are strong. (Str +2) [potion
                  | of mutation]
  7614 | D:7      | Gained mutation: Your spells are a little harder to cast,
                  | but a little more powerful. [potion of mutation]
  7850 | D:7      | Reached skill level 6 in Axes
  7852 | D:7      | Killed an unseen horror
  8761 | D:8      | Received a gift from Trog
  8938 | D:8      | Found Uphyvvu's Food Shoppe.
  9242 | D:8      | Reached skill level 1 in Bows
  9461 | D:8      | Reached skill level 7 in Axes
  9883 | D:9      | Found a shattered altar of Ashenzari.
 10719 | D:9      | Noticed Erolcha
 10724 | D:9      | Killed Erolcha
 10724 | D:9      | Reached XP level 11. HP: 90/90 MP: 14/16
 10746 | D:9      | Reached skill level 8 in Axes
 10787 | D:9      | Noticed a glowing shapeshifter
 10787 | D:9      | a yak changed into a glowing shapeshifter
 10787 | D:9      | Noticed a wolf spider
 10787 | D:9      | a glowing shapeshifter changed into a wolf spider
 10789 | D:9      | Noticed a great orb of eyes
 10789 | D:9      | a wolf spider changed into a great orb of eyes
 10791 | D:9      | a great orb of eyes changed into a tyrant leech
 10798 | D:9      | Noticed a spark wasp
 10798 | D:9      | a tyrant leech changed into a spark wasp
 10799 | D:9      | Noticed an ettin
 10799 | D:9      | a spark wasp changed into an ettin
 10803 | D:9      | Noticed an anaconda
 10803 | D:9      | an ettin changed into an anaconda
 10809 | D:9      | an anaconda changed into a water nymph
 11158 | D:10     | Entered Level 10 of the Dungeon
 11159 | D:10     | Found a portal to a secret trove of treasure.
 11169 | Trove    | Entered a treasure trove
 11210 | Trove    | Found the +9 sword of Zonguldrok {reap}
 11218 | Trove    | Got an ancient broad axe
 11231 | Trove    | Got a polished rapier
 11242 | Trove    | Got a pitted executioner's axe
 11250 | Trove    | Got a fine battleaxe
 11252 | Trove    | Got a fine great mace
 11310 | D:10     | Identified the +10 executioner's axe of Vexinac {chop, MR+
                  | MP+9 SInv} (You found it in a treasure trove)
 11311 | D:10     | Identified the +2 rapier "Xohamac" {freeze, *Contam *Noise
                  | rF+ Dex+6} (You found it in a treasure trove)
 11312 | D:10     | Identified the +6 broad axe of Dawn {freeze, rPois MP+9
                  | Str-2 Int+7} (You found it in a treasure trove)
 11313 | D:10     | Identified the +6 battleaxe of Vewuo {chop, *Noise rN+++
                  | MR+ Dex+4} (You found it in a treasure trove)
 11314 | D:10     | Identified the +3 great mace of Bodily Harmony {flame,
                  | rElec Dex+5} (You found it in a treasure trove)
 11322 | D:10     | Gained mutation: You are dopey. (Int -2) [mutagenic glow]
 11324 | D:10     | Found a flagged portal.
 11345 | D:10     | Gained mutation: Scrolls take you a little longer to read.
                  | [mutagenic glow]
 11675 | Bailey   | Entered a bailey
 11755 | Bailey   | Noticed an orc knight
 11908 | Bailey   | Noticed an orc knight
 11909 | Bailey   | Noticed an orc knight
 11964 | Bailey   | Killed an orc knight
 12154 | Bailey   | Killed an orc knight
 12165 | Bailey   | Killed an orc knight
 12199 | Bailey   | Got a faintly humming crystal plate armour
 12411 | D:10     | Reached * piety under Trog
 12666 | D:10     | Identified the cursed +1 crystal plate armour of
                  | Decompression {Str+6} (You found it in a bailey)
 12766 | D:10     | Found a runed translucent gate.
 13129 | D:10     | Found a runed translucent gate.
 13133 | D:10     | Found a runed translucent gate.
 13135 | D:10     | Noticed Ratty's ghost (novice DsNe)
 13154 | D:10     | Killed Ratty's ghost
 13154 | D:10     | Reached skill level 9 in Axes
 13219 | D:10     | Noticed a death yak
 13219 | D:10     | Noticed a death yak
 13220 | D:10     | Noticed a death yak
 13240 | D:10     | Killed a death yak
 13241 | D:10     | Killed a death yak
 13241 | D:10     | Reached XP level 12. HP: 68/100 MP: 16/18
 13247 | D:10     | Killed a death yak
 13433 | D:10     | Found a staircase to the Lair.
 13564 | D:11     | Noticed Nergalle
 13586 | D:11     | Killed Nergalle
 14458 | D:11     | Noticed a six-headed hydra
 14482 | D:11     | Killed a six-headed hydra
 14674 | D:11     | Reached skill level 10 in Axes
 14676 | D:11     | Found a staircase to the Orcish Mines.
 14868 | D:12     | Noticed a four-headed hydra
 14872 | D:12     | Killed a four-headed hydra
 14921 | D:12     | Reached skill level 5 in Bows
 15732 | D:12     | Noticed a centaur warrior
 15742 | D:12     | Noticed Josephine
 15753 | D:12     | Killed a centaur warrior
 15759 | D:12     | Killed Josephine
 15933 | D:12     | Noticed a five-headed hydra
 15977 | D:12     | Noticed Fannar
 15986 | D:12     | Noticed a two-headed ogre
 15992 | D:12     | Killed a two-headed ogre
 16064 | D:12     | Killed a five-headed hydra
 16133 | D:12     | Killed Fannar
 16133 | D:12     | Reached skill level 11 in Axes
 16133 | D:12     | Reached XP level 13. HP: 108/108 MP: 20/20
 16592 | D:13     | Reached skill level 10 in Evocations
 16670 | D:13     | Noticed Maurice
 16677 | D:13     | Killed Maurice
 16848 | D:13     | Found a gate to the Vaults.
 16859 | D:13     | Reached skill level 10 in Fighting
 16988 | D:13     | HP: 3/110 [slime creature (11)]
 16993 | D:13     | Slain by a slime creature

Levels and vault maps discovered:
D:1:      elethiomel_arrival_infinity_welcomes_careful_drivers, layout_basic,
          minmay_pentomino_q4
D:2:      layout_basic
D:3:      minmay_spotlight, layout_basic, led_sif_book
D:4:      layout_cave_pools, nicolae_gozag_cash_rules_everything_around_me,
          first_ration, minmay_pentangle
D:5:      layout_cave_pools, nicolae_overflow_crystal_walls,
          kennysheep_generic_room_13, uniq_ijyb
D:6:      kennysheep_six_static_rooms, layout_rooms, lemuel_round_altar,
          vehumet_statue, minmay_temple_entry_hall
D:7:      minmay_the_grid_triangle_9x9_rhombus_thin
          [minmay_the_grid_triangle_9x9_semitri,
          minmay_the_grid_triangle_9x9_prize_center,
          minmay_the_grid_triangle_9x9_stretched_checkered,
          minmay_the_grid_triangle_9x9_fully_insulated_deathbox], layout_basic,
          grunt_ogre_cave, minmay_checkerbox, uniq_harold
D:8:      layout_rooms, serial_shops, shop, minmay_chambers_of_fives
D:9:      layout_basic, ashenzari_conservatory_becter, uniq_erolcha
D:10:     layout_basic, dpeg_lair_monsters, ebering_ghost_rock_garden,
          enter_trove_0, enter_bailey_3, kennysheep_generic_room_8
D:11:     layout_irregular_city, david_orc_2, uniq_nergalle
D:12:     layout_irregular_city, due_unseen_surprise, uniq_fannar,
          uniq_josephine
D:13:     layout_basic, lightli_vaults_fourway_checkpoint,
          minmay_guarded_unrand_finisher, uniq_maurice

Skill      XL: |  1  2  3  4  5  6  7  8  9 10 11 12 13 |
---------------+----------------------------------------+-----
Dodging        | 3 4 6 7 8 |  8.0
Fighting       | 4 5 6 7 8 9 10 | 10.1
Maces & Flails | 4 5 6 7 8 |  8.0
Stealth        | 1 2 3 4 5 6 7 8 9 |  9.3
Evocations     | 3 5 6 8 9 10 | 10.5
Axes           | 2 5 7 9 11 | 11.9
Bows           | 1 4 5 6 |  6.1

Action                   |  1- 3 |  4- 6 |  7- 9 | 10-12 | 13-15 || total
-------------------------+-------+-------+-------+-------+-------++-------
Melee: Mace              |   104 |   127 |   203 |       |       ||   434
       Tailslap          |    20 |    19 |    36 |    76 |    16 ||   167
       Whip              |    19 |       |       |       |       ||    19
       War axe           |       |       |    97 |   451 |   102 ||   650
       Dire flail        |       |       |    11 |       |       ||    11
 Fire: Shortbow          |       |       |       |   209 |    22 ||   231
Invok: Berserk           |     1 |     4 |     4 |     7 |     1 ||    17
       Trog's Hand       |       |     1 |       |       |     1 ||     2
 Abil: Breathe Steam     |       |       |     5 |    46 |     4 ||    55
       Evoke Invisibilit |       |       |     3 |     8 |     1 ||    12
Evoke: Wand              |       |     1 |       |     3 |       ||     4
       Lamp of fire      |       |       |       |     1 |     1 ||     2
       Lightning rod     |       |       |       |       |     1 ||     1
  Use: Scroll            |     6 |       |     4 |    18 |     1 ||    29
       Potion            |       |       |       |     2 |     2 ||     4
 Stab: Sleeping          |       |     1 |    14 |    14 |     1 ||    30
       Invisible         |       |       |     6 |    34 |     2 ||    42
       Paralysed         |       |       |     2 |     8 |     1 ||    11
       Petrified         |       |       |     1 |     1 |     1 ||     3
       Petrifying        |       |       |     1 |     1 |       ||     2
       Distracted        |       |       |       |     1 |       ||     1
       Confused          |       |       |       |       |     1 ||     1
  Eat: Chunk             |     4 |     9 |    17 |    39 |       ||    69
       Ration            |       |       |       |     1 |     1 ||     2
Armor: Skin              |    37 |    30 |   101 |   106 |    29 ||   303
Dodge: Dodged            |    87 |    81 |   226 |   376 |    71 ||   841

Table legend:
 A = Non-vault XP
 B = Vault XP
 C = Vault XP percentage of total XP
 D = Non-vault monster count
 E = Vault monster count
 F = Vault count percentage of total count
                 A         B        C        D         E       F
            +---------+---------+-------+---------+---------+-------
      Total |   27894 |   24003 |  46.3 |     356 |     109 |  23.4
            +---------+---------+-------+---------+---------+-------
        D:1 |      28 |      16 |  36.4 |      18 |       2 |  10.0
        D:2 |      54 |       0 |   0.0 |      21 |       0 |   0.0
        D:3 |     122 |      74 |  37.8 |      18 |       5 |  21.7
        D:4 |     525 |      41 |   7.2 |      20 |       2 |   9.1
        D:5 |     485 |      48 |   9.0 |      32 |       2 |   5.9
        D:6 |    1069 |      73 |   6.4 |      18 |       4 |  18.2
        D:7 |     526 |    4672 |  89.9 |      11 |      29 |  72.5
        D:8 |    1340 |     240 |  15.2 |      48 |       5 |   9.4
        D:9 |    3058 |    1010 |  24.8 |      33 |       1 |   2.9
       D:10 |    3063 |    4610 |  60.1 |      49 |      15 |  23.4
       D:11 |    3064 |     973 |  24.1 |      15 |       9 |  37.5
       D:12 |   10368 |    2367 |  18.6 |      55 |       6 |   9.8
       D:13 |    4192 |    7780 |  65.0 |      18 |      16 |  47.1
     Bailey |       0 |    2099 | 100.0 |       0 |      13 | 100.0
            +---------+---------+-------+---------+---------+-------
